[Event "Gibraltar Amateurs A 2019"]
[Site "Caleta"]
[Date "2019.01.24"]
[Round "4"]
[White "Kovacevic, Aleksandar S"]
[Black "Savage, Neil"]
[Result "1-0"]
[ECO "A00"]
[WhiteElo "1793"]
[BlackElo "1585"]
[Annotator "NA"]
[PlyCount "81"]
[EventDate "2019.01.18"]
[EventType "swiss"]
[EventCountry "GGB"]
[SourceTitle "playchess.com"]
[Source "ChessBase"]
[SourceQuality "1"]
[TimeControl "6600+10"]

1. b4 e5 2. a3 d5 3. Bb2 Bd6 4. e3 Nf6 5. Nf3 Qe7 6. c4 c6 7. cxd5 cxd5 8. Nc3 O-O 9. Nb5 Nbd7 10. Nxd6 Qxd6 11. Be2 a6 12. Qc2 b5 13. h4 Bb7 14. Qf5 d4 15. exd4 exd4 16. O-O Be4 17. Qh3 Nd5 18. Nxd4 Nf4 19. Qg3 Qxd4 20. Qxf4 Qxb2 21. Qxe4 Qxd2 22. Rfd1 Nf6 23. Qxh7+ Kxh7 24. Rxd2 Rfe8 25. Bf3 Ra7 26. Rc1 Re6 27. Rdc2 Rd7 28. Kh2 Rd3 29. Rc3 Red6 30. g4 R6d4 31. g5 Rxh4+ 32. Kg2 Rxc3 33. Rxc3 Ne4 34. Rc6 Nxg5 35. Rxa6 Nxf3 36. Kxf3 Rh6 37. Ra7 Rf6+ 38. Ke3 Kh6 39. Ra5 Rf5 40. a4 g5 41. Rxb5 1-0

[Event "Gibraltar Amateurs A 2019"]
[Site "Caleta"]
[Date "2019.01.24"]
[Round "4"]
[White "Ocana, Jeremy"]
[Black "Leimeister, Winfried"]
[Result "1-0"]
[ECO "A48"]
[WhiteElo "1695"]
[BlackElo "1870"]
[Annotator "NA"]
[PlyCount "85"]
[EventDate "2019.01.18"]
[EventType "swiss"]
[EventCountry "GGB"]
[SourceTitle "playchess.com"]
[Source "ChessBase"]
[SourceQuality "1"]
[TimeControl "6600+10"]

1. d4 Nf6 2. Bf4 c5 3. e3 g6 4. c3 b6 5. Nf3 Bg7 6. h3 O-O 7. Be2 d6 8. O-O Ba6 9. Nbd2 Qc8 10. b4 Nd5 11. Bxa6 Qxa6 12. Qb3 Nxf4 13. exf4 Nd7 14. Rfe1 Rae8 15. Rac1 b5 16. bxc5 dxc5 17. Rb1 cxd4 18. cxd4 $11 Qd6 19. Qxb5 a6 20. Qa4 Rb8 21. Nc4 Qd5 22. Rxb8 Nxb8 23. Rxe7 Bxd4 24. Rc7 Bg7 25. Nce5 h6 26. Qc2 Bxe5 27. Nxe5 Qe6 28. Qc4 Qxc4 29. Rxc4 Kg7 30. Rc7 Kf6 31. Nc6 Re8 32. Ne5 Rf8 33. Rb7 Ke6 34. Rb6+ Kd5 35. f3 g5 36. Ng4 f5 37. Nxh6 gxf4 38. Nxf5 Nc6 39. Nh4 Re8 40. Rb2 Nd4 41. Ng6 Ne2+ 42. Rxe2 Rxe2 43. Nxf4+ 1-0

[Event "Gibraltar Amateurs A 2019"]
[Site "Caleta"]
[Date "2019.01.24"]
[Round "4"]
[White "Bussmann, John"]
[Black "Bryant, Richard B E"]
[Result "1-0"]
[ECO "C01"]
[WhiteElo "1671"]
[BlackElo "1862"]
[Annotator "NA"]
[PlyCount "87"]
[EventDate "2019.01.18"]
[EventType "swiss"]
[EventCountry "GGB"]
[SourceTitle "playchess.com"]
[Source "ChessBase"]
[SourceQuality "1"]
[TimeControl "6600+10"]

1. e4 e6 2. d4 d5 3. exd5 exd5 4. c4 c6 5. Nc3 Nf6 6. Bd3 Be6 7. c5 Be7 8. f4 b6 9. b4 a5 10. Ba3 axb4 11. Bxb4 bxc5 12. dxc5 Na6 13. Bxa6 Rxa6 14. Qd3 Ra7 15. Nf3 Qb8 16. Qd4 O-O 17. Ne5 $17 Qc8 18. h3 Nh5 19. O-O Ng3 20. Rf3 Nf5 21. Qd2 Bf6 22. Ng4 Bh4 23. Ne2 Re8 24. Kh2 h5 25. Ne5 Qc7 26. Nd4 Nxd4 27. Qxd4 Bf6 28. a3 Bf5 29. Bc3 Be4 30. Rf2 Rea8 31. a4 h4 32. a5 Re8 33. Qe3 Rb8 34. Ra3 Rb1 35. Qe2 Be7 36. Bd4 Rb5 37. Qg4 f6 38. Ng6 Rbxa5 39. Rxa5 Rxa5 40. Qe6+ Kh7 41. Nxe7 Ra4 42. Qg8+ Kh6 43. Qh8+ Bh7 44. Bxf6 1-0

[Event "Gibraltar Amateurs A 2019"]
[Site "Caleta"]
[Date "2019.01.24"]
[Round "4"]
[White "Guardia Bencomo, Tomas"]
[Black "Dennis, Nigel W"]
[Result "1-0"]
[ECO "B23"]
[WhiteElo "1664"]
[BlackElo "1805"]
[Annotator "NA"]
[PlyCount "77"]
[EventDate "2019.01.18"]
[EventType "swiss"]
[EventCountry "GGB"]
[SourceTitle "playchess.com"]
[Source "ChessBase"]
[SourceQuality "1"]
[TimeControl "6600+10"]

1. e4 c5 2. Nc3 Nc6 3. Bc4 a6 4. a4 g6 5. Qf3 Ne5 6. Qe2 Nxc4 7. Qxc4 d6 8. d4 cxd4 9. Qxd4 e5 10. Qd3 Nf6 11. Bg5 Be6 12. Nge2 Rc8 13. O-O Be7 14. Rad1 Qc7 15. Bxf6 Bxf6 16. Qxd6 Qxd6 17. Rxd6 Be7 18. Rb6 Rc7 19. Nd5 Bxd5 20. exd5 Bc5 21. Rb3 Kd7 22. g4 f5 23. gxf5 gxf5 24. Ng3 f4 25. Ne4 Kc8 26. Rd1 Ba7 27. Rd2 Bd4 28. c3 Ba7 29. d6 Rg7+ 30. Kf1 Rd8 31. c4 Bd4 32. c5 Rg4 33. Rf3 Rdg8 34. b4 Rg1+ 35. Ke2 Rb1 36. Rc2 Rxb4 37. c6 Rxa4 38. c7 Rf8 39. Nf6 1-0